 Dungeon Crawl Stone Soup version 0.28-a0-1292-gb4563b27b3 (webtiles) character file.

Game seed: 3092008953742503700

263 KyoPewz the Caller (level 5, -1/28 HPs)
             Began as a Deep Elf Summoner on Dec 27, 2021.
             Slain by a hornet zombie (9 damage)
             ... on level 4 of the Dungeon.
             The game lasted 00:17:51 (3768 turns).

KyoPewz the Caller (Deep Elf Summoner)              Turns: 3768, Time: 00:17:52

Health: -1/28      AC:  2    Str: 11    XL:     5   Next: 98%
Magic:  0/11       EV: 12    Int: 22    God:
Gold:   203        SH:  0    Dex: 15    Spells: 2/10 levels left

rFire   . . .      SeeInvis .   m - +1 short sword {short}
rCold   . . .      Faith    .   (no shield)
rNeg    . . .      Spirit   .   a - +0 robe
rPois   .          Reflect  .   (no helmet)
rElec   .          Harm     .   (no cloak)
rCorr   .          Rampage  .   (no gloves)
Will    .....                   (no boots)
Stlth   ++........              (no amulet)
HPRegen 0.09/turn               c - +6 ring of strength
MPRegen 0.12/turn               (no ring)

@: no status effects
A: no striking features
a: no special abilities


You were on level 4 of the Dungeon.
You visited 1 branch of the dungeon, and saw 5 of its levels.

You collected 203 gold pieces.


   Skills:
 - Level 2.4 Dodging
 - Level 2.4 Stealth
 + Level 3.2 Spellcasting
 * Level 6.2 Summonings
 - Level 3.0 Air Magic
 - Level 3.0 Poison Magic


You had 2 spell levels left.
You knew the following spells:

 Your Spells              Type           Power      Damage    Failure   Level
a - Summon Small Mammal   Summ           100%       N/A       1%          1
b - Call Imp              Summ           30%        N/A       1%          2
c - Call Canine Familiar  Summ           30%        N/A       2%          3
d - Poisonous Vapours     Pois/Air       32%        N/A       5%          2

Your spell library contained the following spells:

 Spells                   Type           Power      Damage    Failure   Level
 Corpse Rot               Necr/Air       20%        N/A       10%         2
 Summon Guardian Golem    Hex/Summ       17%        N/A       11%         3
 Summon Lightning Spire   Summ/Air       23%        N/A       19%         4
 Summon Ice Beast         Ice/Summ       17%        N/A       34%         4
 Frozen Ramparts          Ice            6%         1d2       36%         3
 Ice Form                 Ice/Tmut       3%         N/A       77%         4
 Storm Form               Tmut/Air       5%         N/A       100%        7
 Maxwell's Capacitive Co  Air            8%         โˆž       100%        8
 Chain Lightning          Conj/Air       5%         3d6       100%        9
 Fire Storm               Conj/Fire      1%         8d1       100%        9
 Shatter                  Erth           1%         3d6*      100%        9

Inventory:

Hand Weapons
 g - a +0 hand axe {axe}
   (You found it on level 1 of the Dungeon)
 l - a +0 spear {polearm}
   (You found it on level 2 of the Dungeon)
 m - a +1 short sword (weapon) {short}
   (You took it off an orc on level 3 of the Dungeon)
 s - a +0 war axe {axe}
   (You took it off an orc on level 3 of the Dungeon)
Missiles
 d - 39 stones {throwing}
 e - 14 poisoned darts {throwing}
 f - 2 boomerangs {throwing}
 j - 18 bolts
 k - 54 sling bullets
 o - a throwing net {=f!fthrowing}
 p - 23 arrows
Armour
 a - a +0 robe (worn)
 w - a +1 hat
   (You found it on level 3 of the Dungeon)
Jewellery
 c - a +6 ring of strength (left hand)
   (You found it on level 1 of the Dungeon)
 q - a ring of positive energy
   (You found it on level 4 of the Dungeon)
Wands
 t - a wand of flame (27)
   (You found it on level 3 of the Dungeon)
Scrolls
 i - a scroll of identify {@r1}
Potions
 b - 2 potions of haste {@q3}
 h - a potion of cancellation
 n - a potion of attraction {!q}

Dungeon Overview and Level Annotations

Branches:
Dungeon (5/15)
 Temple: D:4-7

Altars:

Annotations:
D:2 exclusion: 2 downstairs

##...##.## #.#
######..# #.#
##.# #.#
#.###.# =
##.##..## ..
#...)...#...
#ยง..........
#ยงh5....#....
#@Zr....####.
#.......#
#.......#
#.......#
#.......#
.........#
#.#####.### .
#+ ## .###
#...


You could see a hornet zombie (ally target), a friendly hound (summoned), a
friendly crimson imp (summoned) and a friendly quokka (summoned).


Message History

You lost 3 mp, and now have 8/11 mp.
Casting: Call Canine Familiar (dangerous; 2% risk of failure)
Confirm with . or Enter, or press ? or * to list all spells.
The goblin barely misses you. ๐Ÿ˜Ž MP[-3]
You lost 3 mp, and now have 5/11 mp.
You barely miss the goblin.
Your hound completely misses the goblin.
The goblin hits you with a +0 club. ๐Ÿ˜• HP[-1]
You take 1 damage, and now have 27/28 hp.
You hit the goblin.
You kill the goblin!
You swap places.
Things that are here:
a +0 club {mace}; a goblin corpse Your magical contamination has completely faded away. ๐Ÿ˜• MP[+1]
i - a scroll of identify {@r1} ๐Ÿ˜Ž HP[+1]
Your hp is fully restored (28).
q - a ring of positive energy You swap places.
A hornet zombie comes into view. ๐Ÿ˜Ž MP[+1]
You hit the hornet zombie but do no damage.
The hornet zombie barely misses you.
You hit the hornet zombie but do no damage.
Your hound bites the hornet zombie but does no damage.
The hornet zombie hits you.
Your hound bites the hornet zombie.
The hornet zombie hits you. ๐Ÿ˜• HP[-5]
You take 5 damage, and now have 23/28 hp.
You hit the hornet zombie.
Your hound bites the hornet zombie.
The hornet zombie hits you.
Your hound bites the hornet zombie but does no damage. ๐Ÿ˜ฎ HP[-4]
You take 4 damage, and now have 19/28 hp.
Casting: Call Canine Familiar (dangerous; 2% risk of failure)
Confirm with . or Enter, or press ? or * to list all spells.
A beastly little devil appears in a puff of frigid air.
The hornet zombie hits you.
Your hound closely misses the hornet zombie. ๐Ÿ˜ฎ HP[-2] MP[-2]
You take 2 damage, and now have 17/28 hp.
You lost 2 mp, and now have 5/11 mp.
Casting: Call Imp (safe; 1% risk of failure)
Confirm with . or Enter, or press ? or * to list all spells.
The hornet zombie hits you!
* * * LOW HITPOINT WARNING * * *
Your hound misses the hornet zombie.
Your hound closely misses the hornet zombie.
The hornet zombie hits you.
* * * LOW HITPOINT WARNING * * *
Your white imp hits the hornet zombie but does no damage. ๐Ÿ˜ฑ HP[-10] MP[-1]
You take 10 damage, and now have 7/28 hp.
MASSIVE DAMAGE!! (PAUSE)
You lost 1 mp, and now have 4/11 mp.
You swap places.
Your hound bites the hornet zombie but does no damage.
The hornet zombie hits your hound.
Your quokka bites the hornet zombie but does no damage.
Your white imp barely misses the hornet zombie. ๐Ÿ˜จ HP[+1] MP[+1]
Your hound bites the hornet zombie.
The hornet zombie barely misses your quokka.
Your quokka closely misses the hornet zombie.
Your hound barely misses the hornet zombie.
Your white imp barely misses the hornet zombie.
The hornet zombie hits your white imp!
Your white imp dies!
Your white imp disappears in a puff of smoke!
Your hound bites the hornet zombie.
Your quokka closely misses the hornet zombie.
Casting: Summon Small Mammal (safe; 1% risk of failure)
Confirm with . or Enter, or press ? or * to list all spells.
Your hound disappears in a puff of smoke!
Your quokka bites the hornet zombie.
The hornet zombie hits your quokka. ๐Ÿ˜จ MP[-3]
You lost 3 mp, and now have 2/11 mp.
You swap places.
Your quokka bites the hornet zombie but does no damage.
Your hound bites the hornet zombie but does no damage.
Your quokka barely misses the hornet zombie.
Casting: Call Canine Familiar (dangerous; 2% risk of failure)
Confirm with . or Enter, or press ? or * to list all spells.
You don't know that spell.
Casting: Call Canine Familiar (dangerous; 2% risk of failure)
Confirm with . or Enter, or press ? or * to list all spells.
A beastly little devil appears in a puff of flame.
Your hound bites the hornet zombie.
Your hound bites the hornet zombie but does no damage. ๐Ÿ˜จ MP[-2]
You lost 2 mp, and now have 0/11 mp.
You hit the hornet zombie. The hornet zombie barely misses you.
Your hound bites the hornet zombie.
Your quokka closely misses the hornet zombie.
The hornet zombie hits you!
You die...

Skill      XL: |  1  2  3  4  5 |
---------------+----------------+-----
Summonings     | 5 6 |  6.2
Air Magic      | 2 3 |  3.0
Poison Magic   | 2 3 |  3.0
Dodging        | |  2.4
Stealth        | |  2.4
Spellcasting   | |  3.2

Action                   |  1- 3 |  4- 6 || total
-------------------------+-------+-------++-------
Melee: Spear             |    12 |    25 ||    37
       Hand axe          |     2 |       ||     2
       Unarmed           |     1 |       ||     1
       Short sword       |       |     6 ||     6
 Cast: Summon Small Mamm |    25 |     5 ||    30
       Call Imp          |     3 |     7 ||    10
       Call Canine Famil |     3 |    12 ||    15
       Poisonous Vapours |       |     6 ||     6
  Use: Scroll            |     2 |     5 ||     7
 Stab: Sleeping          |     2 |     1 ||     3
Armor: Robe              |     1 |     1 ||     2
Dodge: Dodged            |     9 |    19 ||    28

Levels and vault maps discovered:
D:1:      eino_arrival_water_cross, layout_basic,
          hellmonk_ecumenical_altar_run_dry
D:2:      layout_loops_cross
D:3:      layout_rooms
D:4:      nicolae_cairo_tiling, layout_rooms, kennysheep_small_spiral
D:5:      layout_layer_cave, minmay_temple_entry_statues_fountains, uniq_duvessa

Notes
Turn   | Place    | Note
-------+----------+-------------------------------------------
     0 | D:1      | KyoPewz the Deep Elf Summoner began the quest for the Orb.
     0 | D:1      | Reached XP level 1. HP: 10/10 MP: 6/6
     0 | D:1      | magus.rc [v1.9.6]
    80 | D:1      | Found a faded altar of an unknown god.
   149 | D:1      | HP: 1/10 [rat (3)]
   713 | D:1      | You pick up a book of Rime and begin reading...
   713 | D:1      | You add the spells Frozen Ramparts, Ice Form and Summon Ice
                  | Beast to your library.
   795 | D:1      | You pick up a book of the Sky and begin reading...
   795 | D:1      | You add the spells Storm Form and Maxwell's Capacitive
                  | Coupling to your library.
  1312 | D:3      | Noticed an orc priest
  1344 | D:2      | Reached skill level 5 in Summonings
  1344 | D:2      | Reached XP level 2. HP: 6/15 MP: 5/8
  1346 | D:2      | HP: 3/15 [poisoned by an adder]
  1348 | D:2      | HP: 1/15 [poisoned by an adder]
  1618 | D:2      | Learned a level 2 spell: Call Imp
  1702 | D:2      | Reached XP level 3. HP: 19/19 MP: 5/9
  2104 | D:4      | You pick up a book of Annihilations and begin reading...
  2104 | D:4      | You add the spells Chain Lightning, Fire Storm and Shatter
                  | to your library.
  2114 | D:5      | Entered Level 5 of the Dungeon
  2129 | D:5      | You pick up a book of Vapours and begin reading...
  2129 | D:5      | You add the spells Poisonous Vapours and Corpse Rot to your
                  | library.
  2146 | D:3      | Learned a level 3 spell: Call Canine Familiar
  2149 | D:3      | Learned a level 2 spell: Poisonous Vapours
  2385 | D:3      | Reached XP level 4. HP: 24/24 MP: 2/10
  2390 | D:3      | Reached skill level 1 in Air Magic
  2390 | D:3      | Reached skill level 1 in Poison Magic
  2608 | D:3      | Reached skill level 2 in Poison Magic
  2622 | D:3      | Reached skill level 2 in Air Magic
  2622 | D:3      | Reached XP level 5. HP: 28/28 MP: 5/11
  3016 | D:3      | Reached skill level 3 in Air Magic
  3016 | D:3      | Reached skill level 3 in Poison Magic
  3016 | D:3      | Reached skill level 6 in Summonings
  3761 | D:4      | HP: 7/28 [hornet zombie (1)]
  3768 | D:4      | Slain by a hornet zombie

Vanquished Creatures
  A scorpion (D:3)
  A worm (D:3)
  An orc (D:3)
  An endoplasm (D:2)
  A goblin (D:4)
  2 jackals (D:3)
  A quokka (D:3)
  A rat (D:3)
9 creatures vanquished.

Vanquished Creatures (collateral kills)
  A bullfrog skeleton (D:3)
  2 orc priests (D:3)
  6 adders
  A shadow imp (D:3)
  2 dart slugs
  8 orcs
  2 endoplasms
  2 giant cockroaches
  A goblin (D:4)
  2 jackals (D:3)
  A kobold (D:3)
  A quokka (D:4)
  2 ball pythons
  A bat (D:1)
  3 frilled lizards (D:2)
  5 rats
40 creatures vanquished.

Vanquished Creatures (others)
  A plant (D:1)
1 creature vanquished.

Grand Total: 50 creatures vanquished

Table legend:
 A = Non-vault XP
 B = Vault XP
 C = Vault XP percentage of total XP
 D = Non-vault monster count
 E = Vault monster count
 F = Vault count percentage of total count
                 A         B        C        D         E       F
            +---------+---------+-------+---------+---------+-------
      Total |     377 |       0 |   0.0 |      49 |       0 |   0.0
            +---------+---------+-------+---------+---------+-------
        D:1 |       8 |       0 |   0.0 |       5 |       0 |   0.0
        D:2 |      70 |       0 |   0.0 |      13 |       0 |   0.0
        D:3 |     293 |       0 |   0.0 |      28 |       0 |   0.0
        D:4 |       6 |       0 |   0.0 |       3 |       0 |   0.0
            +---------+---------+-------+---------+---------+-------

Illustrated notes

Table legend:
 A = Kills in this place as a percentage of kills in entire the game.
 B = Kills by you in this place as a percentage of kills by you in the entire game.
 C = Kills by friends in this place as a percentage of kills by friends in the entire game.
 D = Other kills in this place as a percentage of other kills in the entire game.
 E = Experience gained in this place as a percentage of experience gained in the entire game.
 F = Experience gained in this place divided by the number of levels of this place that you have seen.
                   A       B       C       D       E      F
               +-------+-------+-------+-------+-------+----------------------
         Total | 100.0 | 100.0 | 100.0 |   N/A | 100.0 |  75.4
       Dungeon | 100.0 | 100.0 | 100.0 |   N/A | 100.0 |  75.4
               +-------+-------+-------+-------+-------+----------------------

Table legend: (Time is in decaauts)
 A = Elapsed time spent in this place.
 B = Non-inter-level travel time spent in this place.
 C = Inter-level travel time spent in this place.
 D = Time resting spent in this place.
 E = Time spent auto-exploring this place.
 F = Levels seen in this place.
 G = Mean time per level.
                   A        B        C        D        E       F      G
               +--------+--------+--------+--------+--------+-----+--------+
         Total |   3776 |   3673 |    103 |   1509 |   1110 |   5 |  755.2 |
       Dungeon |   3776 |   3673 |    103 |   1509 |   1110 |   5 |  755.2 |
               +--------+--------+--------+--------+--------+-----+--------+

Top non-repeatable levels by time:
     D:2: 1261 daAuts
     D:1: 1154 daAuts
     D:3: 1066 daAuts
     D:4: 275 daAuts
     D:5: 20 daAuts
